 Dungeon Crawl Stone Soup version 0.28.0 (webtiles) character file.

Game seed: 13141585320320872654

119 HallandMoats the Ducker (level 5, -3/37 HPs)
             Began as an Octopode Monk on Feb 7, 2022.
             Slain by a gnoll (7 damage)
             ... on level 2 of the Dungeon.
             The game lasted 00:02:35 (3023 turns).

HallandMoats the Ducker (Octopode Monk)             Turns: 3023, Time: 00:02:36

Health: -3/37      AC:  1    Str: 12      XL:     5   Next: 3%
Magic:  4/6        EV:  8    Int: 10 (12) God:
Gold:   84         SH:  0    Dex: 13 (15) Spells: 4/4 levels left

rFire   . . .      SeeInvis .     - Unarmed
rCold   . . .      Faith    .   (no shield)
rNeg    . . .      Spirit   .   (helmet restricted)
rPois   .          Reflect  .   (no amulet)
rElec   .          Harm     .   (no ring)
rCorr   .          Rampage  .   (no ring)
Will    .....                   (no ring)
Stlth   +++.......              (no ring)
HPRegen 0.12/turn               (no ring)
MPRegen 0.10/turn               (no ring)
                                (no ring)
                                (no ring)

@: held
A: almost no armour, amphibious, 8 rings, camouflage 1, gelatinous body 1,
(nimble swimmer 1), tentacles
a: no special abilities


You were on level 2 of the Dungeon.
You visited 1 branch of the dungeon, and saw 2 of its levels.

You collected 84 gold pieces.

Inventory:

Hand Weapons
 b - a +4 short sword of venom
Potions
 a - a potion of curing {unknown}


   Skills:
 * Level 3.7 Fighting
 * Level 3.8 Dodging
 + Level 3.5 Stealth
 * Level 3.7 Unarmed Combat
 + Level 1.3 Invocations


You had 4 spell levels left.
You didn't know any spells.
Your spell library was empty.

Dungeon Overview and Level Annotations

Branches:
Dungeon (2/15)

Altars:


Innate Abilities, Weirdness & Mutations

You cannot wear most types of armour.
You are amphibious.
You can wear up to eight rings at the same time.
Your skin changes colour to match your surroundings (Stealth+).
Your rubbery body absorbs attacks. (AC +1, EV +1)
((You are camouflaged when in or above water. (Stealth+)))
You have tentacles for arms and can constrict up to eight enemies at once.


Message History

No target in view!
There is an open door here.
There are monsters nearby!
The gnoll shouts!
The gnoll shouts! x2
You tentacle-slap the gnoll. Your grab misses the gnoll.
The gnoll is lightly wounded.
The gnoll misses you.
You barely miss the gnoll. You grab the gnoll.
The gnoll is lightly wounded.
You constrict the gnoll, but do no damage.
The gnoll hits you with a +0 whip.
Unknown command.
You tentacle-slap the gnoll. x2
The gnoll is severely wounded.
You constrict the gnoll. The gnoll misses you. x2
Unknown command.
You tentacle-slap the gnoll.
You kill the gnoll!
The gnoll hits you with a +0 flail! The gnoll misses you.
The gnoll closely misses you.
You feel your strength returning.
You have reached level 5!
You feel agile.
You closely miss the gnoll. Your grab misses the gnoll.
The gnoll closely misses you. The gnoll hits you with a +0 flail.
The gnoll misses you.
You are too injured to fight recklessly!
Unknown command.
You are too injured to fight recklessly!
The gnoll hits you with a +0 club.
You see here a +0 whip.
The gnoll hits you with a +0 club. The gnoll hits you with a +0 flail!
* * * LOW HITPOINT WARNING * * *
The gnoll throws a throwing net.
The throwing net hits you.
You become entangled in the net!
You see here a throwing net.
You struggle against the net.
The gnoll closely misses you. The gnoll hits you with a +0 club!
You die...

.....# #.........#
#..........# #..###
#.........# ########'###
##.## #.........# #.#
##..# #.........# #.###
###.######.........# #....
.....(.............# #####
###.######......)..# #
#[.# ####..gg####### #
##.## #..g@.........
####..#######.............
..........................
#####..#######............
....##.# #............
###.##.## #............
#.##..# #.........^..
#.###.## #............ #.#
#..# ##............


You could see 3 gnolls.

Vanquished Creatures
  5 gnolls (D:2)
  3 adders (D:2)
  A worm (D:2)
  3 endoplasms (D:1)
  4 giant cockroaches
  A goblin (D:2)
  5 hobgoblins (D:1)
  2 jackals (D:1)
  5 kobolds
  3 ball pythons
  4 bats
  3 frilled lizards (D:1)
  4 rats (D:1)
43 creatures vanquished.

Vanquished Creatures (others)
  20 plants
20 creatures vanquished.

Grand Total: 63 creatures vanquished

Notes
Turn   | Place    | Note
-------+----------+-------------------------------------------
     0 | D:1      | HallandMoats the Octopode Monk began the quest for the Orb.
     0 | D:1      | Reached XP level 1. HP: 16/16 MP: 1/1
   162 | D:1      | Reached XP level 2. HP: 21/21 MP: 2/2
   838 | D:1      | Reached XP level 3. HP: 26/26 MP: 3/3
  1382 | D:2      | Reached skill level 1 in Invocations
  1382 | D:2      | Reached XP level 4. HP: 29/31 MP: 4/4
  1549 | D:2      | Found a faded altar of an unknown god.
  1578 | D:2      | HP: 1/32 [poisoned by an adder]
  3019 | D:2      | Reached XP level 5. HP: 20/37 MP: 4/6
  3023 | D:2      | Slain by a gnoll

Illustrated notes

Levels and vault maps discovered:
D:1:      lemuel_arrival_tunnels, layout_loops_ring, serial_bayou_pond_c
D:2:      layout_basic, chequers_ecumenical_altar_lobes

Skill      XL: |  1  2  3 |
---------------+----------+-----
Stealth        | 3 |  3.5
Invocations    | 1 |  1.3
Fighting       | |  3.7
Dodging        | |  3.8
Unarmed Combat | |  3.7

Action                   |  1- 3 |  4- 6 || total
-------------------------+-------+-------++-------
Melee: Unarmed           |    68 |    32 ||   100
       Constrict         |    22 |     8 ||    30
       Tentacles         |    18 |    10 ||    28
       Punch             |     5 |     2 ||     7
  Use: Scroll            |       |     2 ||     2
       Potion            |       |     2 ||     2
 Stab: Sleeping          |    13 |     3 ||    16
Armor: Skin              |     3 |       ||     3
Dodge: Dodged            |    20 |    27 ||    47
